 Dungeon Crawl Stone Soup version 0.28.0-53-g5a82cb258f (webtiles) character file.

Game seed: 14653241983188487625

38 Lutefisk the Sneak (level 3, 0/20 HPs)
             Began as a Vine Stalker Brigand on Aug 20, 2022.
             Succumbed to an adder's poison
             ... on level 2 of the Dungeon.
             The game lasted 00:03:38 (562 turns).

Lutefisk the Sneak (Vine Stalker Brigand)            Turns: 562, Time: 00:03:38

Health: 0/20       AC:  3    Str: 13    XL:     3   Next: 43%
Magic:  0/4        EV:  8    Int: 11    God:
Gold:   36         SH:  0    Dex: 17    Spells: 2/2 levels left

rFire   . . .      SeeInvis .   a - +2 dagger
rCold   . . .      Faith    .   (no shield)
rNeg    . . .      Spirit   +   b - +0 robe
rPois   .          Reflect  .   (no helmet)
rElec   .          Harm     .   c - +0 cloak
rCorr   .          Rampage  .   (no gloves)
Will    .....                   (no boots)
Stlth   +++.......              (no amulet)
HPRegen 0.06/turn               (no ring)
MPRegen 0.09/turn               (no ring)

@: lethally poisoned (0 -> -5), constricted
A: fangs 2, magic shield, antimagic bite, no potion heal 2
a: no special abilities


You were on level 2 of the Dungeon.
You visited 1 branch of the dungeon, and saw 2 of its levels.

You collected 36 gold pieces.

Inventory:

Hand Weapons
 a - a +2 dagger (weapon)
Missiles
 d - 14 poisoned darts (quivered)
 e - 2 curare-tipped darts
 n - 20 sling bullets
Armour
 b - a +0 robe (worn)
 c - a +0 cloak (worn)
Jewellery
 g - a ring of resist corrosion
Scrolls
 i - a scroll of fog {unknown}
 k - 2 scrolls of teleportation {unknown}
 l - 2 scrolls of blinking {unknown}
 m - a scroll of vulnerability {unknown}
Potions
 f - a potion of berserk rage {unknown}
 h - 2 potions of attraction {unknown}
 j - 2 potions of curing {unknown}


   Skills:
 * Level 3.3 Fighting
 - Level 1.7 Short Blades
 - Level 1.7 Throwing
 - Level 0.7 Dodging
 - Level 5.0 Stealth


You had 2 spell levels left.
You didn't know any spells.
Your spell library contained the following spells:

 Spells                   Type           Power      Damage    Failure   Level
 Beastly Appendage        Tmut           0%         N/A       34%         1
 Wereblood                Tmut           0%         N/A       47%         2
 Dazzling Flash           Conj/Hex       0%         N/A       71%         3
 Spider Form              Tmut/Pois      0%         N/A       71%         3
 Iskenderun's Mystic Bla  Conj/Tloc      0%         2d3       98%         4
 Starburst                Conj/Fire      0%         6d3       100%        6


Dungeon Overview and Level Annotations

Branches:
Dungeon (2/15)

Altars:


Innate Abilities, Weirdness & Mutations

You have extremely sharp teeth.
When hurt, damage is shared between your health and your magic reserves.
Your bite disrupts and absorbs the magic of your enemies.
Potions cannot restore your health.


Message History

The adder poisons you!
The ball python bites you but does no damage.
The ball python closely misses you.
You feel sick. The adder closely misses you.
You closely miss the adder.
The adder is heavily wounded.
You feel sick. The adder barely misses you.
You feel sick.
The ball python bites you but does no damage.
The ball python barely misses you.
You barely miss the adder.
The adder is heavily wounded.
You feel sick. The ball python bites you. The ball python barely misses you.
The adder bites you.
You closely miss the adder.
The adder is heavily wounded.
You feel sick.
You are no longer poisoned.
The ball python barely misses you. The ball python grabs you.
The ball python constricts you. The adder bites you.
* * * LOW HITPOINT WARNING * * *
The ball python bites you but does no damage.
The ball python constricts you.
Okay, then.
You hit the adder. You bite the adder, but do no damage.
The adder is severely wounded.
The adder barely misses you. The ball python bites you.
* * * LOW HITPOINT WARNING * * *
The ball python constricts you. The adder bites you.
* * * LOW HITPOINT WARNING * * *
You are lethally poisoned!
The adder poisons you!
The ball python's grasp on you weakens, but your attempt to escape fails.
* * * LOW HITPOINT WARNING * * *
You feel sick. The ball python closely misses you.
The ball python constricts you. The adder barely misses you.
Unknown command.
You completely miss the adder.
The adder is severely wounded.
You die...

##.#.....#.#.#
#..#...†.'...#
#.#########..#
#.#......:#..#
##.'.J....$#..#
#..#......$#..#
#w.#########..#
#JSS#..)..'...#
######.#@#.....#...#
..........#######..##
...........#†..#...#
>...$......##.##...#
............#'#...##
..................#
$..........###...##
...........# #####
..........#


You could see a worm, an adder, an endoplasm and a ball python.

Vanquished Creatures
  4 dart slugs
  5 ball pythons
  An endoplasm (D:2)
  A giant cockroach (D:1)
  A hobgoblin (D:1)
  2 quokkas (D:1)
  5 bats
  2 frilled lizards (D:2)
  5 goblins
  2 kobolds (D:1)
  2 rats (D:1)
30 creatures vanquished.

Vanquished Creatures (others)
  2 fungi (D:1)
  10 plants (D:2)
12 creatures vanquished.

Grand Total: 42 creatures vanquished

Notes
Turn   | Place    | Note
-------+----------+-------------------------------------------
     0 | D:1      | Lutefisk the Vine Stalker Brigand began the quest for the
                  | Orb.
     0 | D:1      | Reached XP level 1. HP: 11/11 MP: 2/2
    87 | D:1      | Reached skill level 5 in Stealth
   114 | D:1      | Found a faded altar of an unknown god.
   155 | D:1      | Reached XP level 2. HP: 14/15 MP: 3/3
   306 | D:1      | Reached XP level 3. HP: 16/19 MP: 2/4
   561 | D:2      | HP: 1/20 [poisoned by an adder]
   562 | D:2      | Succumbed to an adder's poison

Illustrated notes

Levels and vault maps discovered:
D:1:      kennysheep_arrival_forest, layout_rooms,
          shapermc_ecumenical_altar_mp_urbaneastern, lemuel_flame_loot_1
D:2:      wad_woods_tower, layout_basic, minmay_divided_ellipse

Skill      XL: |  1  2  3 |
---------------+----------+-----
Stealth        | 5 |  5.0
Fighting       | 2 3 |  3.3
Short Blades   | |  1.7
Throwing       | |  1.7
Dodging        | |  0.7

Action                   || total
-------------------------++-------
Melee: Dagger            ||    83
       Bite              ||    19
 Stab: Sleeping          ||     5
Armor: Robe              ||    29
Dodge: Dodged            ||    46
